 Dungeon Crawl Stone Soup version 0.30-a0-840-ga523dec638 (webtiles) character file.

Game seed: 2937558661545594547

6 iguanaiguana the Digger (level 1, -24/14 HPs)
             Began as an Armataur Earth Elementalist on Mar 2, 2023.
             Annihilated by an ogre
             ... wielding a +0 giant club
              (30 damage)
             ... on level 5 of the Dungeon.
             The game lasted 00:01:47 (74 turns).

iguanaiguana the Digger (Armataur Earth Elementalist) Turns: 74, Time: 00:01:48

Health: -24/14     AC:  4    Str: 13    XL:     1   Next: 75%
Magic:  1/3        EV:  9    Int: 15    God:
Gold:   0          SH:  0    Dex: 10    Spells: 2/3 levels left

rFire   . . .      SeeInvis .    (no weapon)
rCold   . . .      Faith    .    (no shield)
rNeg    . . .      Spirit   .    a - +0 robe
rPois   .          Reflect  .    (no helmet)
rElec   .          Harm     .    (no cloak)
rCorr   .          Roll     +    (no gloves)
Will    .....                    (no barding)
Stlth   ++                       (no amulet)
HPRegen 0.22/turn                (no ring)
MPRegen 0.08/turn                (no ring)

@: no status effects
A: large, rugged brown scales 3, deformed body, armoured tail, roll, long
tongue, awkward tongue
a: no special abilities


You were on level 5 of the Dungeon.
You visited 1 branch of the dungeon, and saw 4 of its levels.

Inventory:

Hand Weapons
 c - a +0 mace
Armour
 a - a +0 robe (worn)
Scrolls
 d - a scroll of identify {unknown}
Potions
 b - a potion of magic


   Skills:
 - Level 1.3 Dodging
 - Level 2.1 Stealth
 - Level 1.7 Spellcasting
 - Level 0.8 Transmutations
 + Level 3.1 Earth Magic


You had 2 spell levels left.
You knew the following spells:

 Your Spells              Type           Power      Damage    Failure   Level
a - Sandblast             Erth           20%        2d7       6%          1

Your spell library contained the following spells:

 Spells                   Type           Power      Damage    Failure   Level
 Passwall                 Tmut/Erth      5%         N/A       16%         2
 Stone Arrow              Conj/Erth      12%        3d7       34%         3
 Petrify                  Tmut/Erth      7%         N/A       69%         4


Dungeon Overview and Level Annotations

Branches:
Dungeon (5/15) Zot: 23922
 Temple: D:4-7

Altars:


Innate Abilities, Weirdness & Mutations

You are completely covered in rugged brown scales. (AC +3, +7% HP)
Armour fits poorly on your strangely shaped body.
You have a long armoured tail.
You roll when moving toward enemies. (Rampage)
Your long tongue fully drains potion bottles. (2x potion effects)
Your tongue gives you trouble enunciating. (1.5x scroll delay)


Message History

There is a stone staircase leading up here.
You aren't carrying any items that you can evoke.
Unknown command.
Okay, then.
There are monsters nearby!
Unknown command.
Casting: Sandblast (safe; 6% risk of failure)
Confirm with . or Enter, or press ? or * to list all spells.
You can't see any susceptible monsters within range! (Use Z to cast anyway.)
Casting: Sandblast (safe; 6% risk of failure)
Confirm with . or Enter, or press ? or * to list all spells.
You can't see any susceptible monsters within range! (Use Z to cast anyway.)
The ogre shouts!
Casting: Sandblast (safe; 6% risk of failure)
Confirm with . or Enter, or press ? or * to list all spells.
Aiming: Sandblast (safe; 6% risk of failure)
Press: ? - help, Shift-Dir - straight line, f - ogre
Aim: an ogre, wielding a +0 giant club (91% to hit)
Okay, then.
Casting: Sandblast (safe; 6% risk of failure)
Confirm with . or Enter, or press ? or * to list all spells.
Aiming: Sandblast (safe; 6% risk of failure)
Press: ? - help, Shift-Dir - straight line, f - scorpion
Aim: a scorpion (82% to hit)
The blast of sand hits the scorpion.
The scorpion is moderately wounded.
An adder comes into view.
Casting: Sandblast (safe; 6% risk of failure)
Confirm with . or Enter, or press ? or * to list all spells.
Aiming: Sandblast (safe; 6% risk of failure)
Press: ? - help, Shift-Dir - straight line, f/p - scorpion
Aim: a scorpion (moderately wounded, 82% to hit)
The scorpion is moderately wounded.
The adder hisses angrily.
The scorpion stings you. The scorpion stings you.
* * * LOW HITPOINT WARNING * * *
The ogre hits you with a +0 giant club!!
Ouch! That really hurt!
You die...

........... .#
.......<..##.
............##
.............
............
........####
#..Y.....#.
#@O......
#s..##...
.......
..S..($..#
#....$$$$.#
.....!.$..#
..#........#
............#


You could see an ice beast, an ogre, a scorpion and an adder.

Vanquished Creatures
  A dart slug (D:1)
  An endoplasm (D:1)
  A goblin (D:4)
  A ball python (D:1)
4 creatures vanquished.

Notes
Turn   | Place    | Note
-------+----------+-------------------------------------------
     0 | D:1      | iguanaiguana the Armataur Earth Elementalist began the
                  | quest for the Orb.
     0 | D:1      | Reached XP level 1. HP: 14/14 MP: 3/3
    30 | D:1      | Reached skill level 3 in Earth Magic
    56 | D:2      | You fall into a shaft and drop 2 floors!
    69 | D:5      | Entered Level 5 of the Dungeon
    69 | D:5      | Noticed an ogre
    69 | D:5      | Noticed an ice beast
    69 | D:5      | Noticed a scorpion
    74 | D:5      | Annihilated by an ogre

Illustrated notes

Levels and vault maps discovered:
D:1:      lightli_arrival_noodles, layout_loops_ring,
          hellmonk_ecumenical_altar_inner_sanctum,
          chequers_serial_rivers_micro_b
D:2:      layout_loops_ring, serial_shops, shop, minmay_rat_hole
D:4:      layout_loops_ring, nicolae_overflow_quartered_altars,
          minmay_temple_entry_butterflies
D:5:      layout_rooms, kennysheep_mini, dancing_weapons_uskayaw,
          dreamdust_wishing_well, uniq_prince_ribbit1

Skill      XL: |  1 |
---------------+----+-----
Earth Magic    | 3 |  3.1
Dodging        | |  1.3
Stealth        | |  2.1
Spellcasting   | |  1.7
Transmutations | |  0.8

Action                     || total
---------------------------++-------
   Cast: Sandblast         ||     7

Table legend: (Time is in decaauts)
 A = Elapsed time spent in this place.
 B = Non-inter-level travel time spent in this place.
 C = Inter-level travel time spent in this place.
 D = Time resting spent in this place.
 E = Time spent auto-exploring this place.
 F = Levels seen in this place.
 G = Mean time per level.
                   A        B        C        D        E       F      G
               +--------+--------+--------+--------+--------+-----+--------+
         Total |     76 |     76 |      0 |      0 |      0 |   4 |   19.0 |
       Dungeon |     76 |     76 |      0 |      0 |      0 |   4 |   19.0 |
               +--------+--------+--------+--------+--------+-----+--------+

Top non-repeatable levels by time:
     D:1: 39 daAuts
     D:2: 18 daAuts
     D:4: 13 daAuts
     D:5: 5 daAuts
